MID
GREAT LAKES LOONS @ LANSING LUGNUTS
06/03/2099
 
TOP OF THE 1ST
Great Lakes Loons batting - Pitching for Lansing Lugnuts : RHP Chris Stumpf
Pitching: RHP Chris Stumpf
Batting: RHB Cory Walton 0-0: Ball
1-0: Ball
2-0: Ground out 6-3 (Groundball, 6, EV 89.4 MPH)
Batting: RHB Jeff Epperly 0-0: Ball
1-0: Swinging Strike
1-1: SOLO HOME RUN (Flyball, 78XD, EV 98.8 MPH), Distance : 393 ft
Batting: RHB Roy Fontaine 0-0: Called Strike
0-1: Ball
1-1: Ball
2-1: Ground out 3-1 (Groundball, 13, EV 78.1 MPH)
Batting: SHB Alex Quiroga 0-0: Ball
1-0: Ball
2-0: Called Strike
2-1: Foul Ball, location: 7LMF
2-2: Ball
3-2: Foul Ball, location: 2RF
3-2: Strikes out swinging
Top of the 1st over - 1 run, 1 hit, 0 errors, 0 left on base; Great Lakes 1 - Lansing 0
BOTTOM OF THE 1ST
Lansing Lugnuts batting - Pitching for Great Lakes Loons : RHP Federico Pietramellana
Pitching: RHP Federico Pietramellana
Batting: LHB Hugh McPhearson 0-0: Ball
1-0: SINGLE (Groundball, 25, EV 63.8 MPH) (infield hit)
Batting: SHB Miguel Dominguez 0-0: Called Strike
0-1: Ball
1-1: Fielders Choice at 2nd, 1-6 (Groundball, 13S, EV 84.4 MPH)
Batting: RHB Devon Phillips 0-0: Ball
1-0: SINGLE (Line Drive, 89S, EV 91.3 MPH)
Miguel Dominguez to second
Batting: RHB Jesse Silbert 0-0: Ball
1-0: Called Strike
Miguel Dominguez steals 3rd base
1-1: Swinging Strike
1-2: Grounds into double play, 6-4-3 (Groundball, 6, EV 87.5 MPH)
Bottom of the 1st over - 0 runs, 2 hits, 0 errors, 1 left on base; Great Lakes 1 - Lansing 0
TOP OF THE 2ND
Great Lakes Loons batting - Pitching for Lansing Lugnuts : RHP Chris Stumpf
Batting: SHB Jason Phillips 0-0: Called Strike
0-1: Ball
1-1: Called Strike
1-2: Ball
2-2: Strikes out swinging
Batting: RHB Trent Shere 0-0: Swinging Strike
0-1: Ball
1-1: Foul Ball, location: 2F
1-2: Ground out 6-3 (Groundball, 6, EV 108.8 MPH)
Batting: LHB Russ Hailer 0-0: Called Strike
0-1: Ball
1-1: Ball
2-1: SINGLE (Line Drive, 9S, EV 103.8 MPH)
Batting: RHB Adam Averett 0-0: Foul Ball, location: 25F
0-1: Ball
1-1: Swinging Strike
1-2: Strikes out looking
Top of the 2nd over - 0 runs, 1 hit, 0 errors, 1 left on base; Great Lakes 1 - Lansing 0
BOTTOM OF THE 2ND
Lansing Lugnuts batting - Pitching for Great Lakes Loons : RHP Federico Pietramellana
Batting: LHB Danny Crane 0-0: Ball
1-0: Ball
2-0: Foul Ball, location: 7LDF
2-1: Swinging Strike
2-2: Strikes out looking
Batting: RHB Travis St. Pierre 0-0: Ball
1-0: Ball
2-0: Called Strike
2-1: Foul Ball, location: 2F
2-2: Foul Ball, location: 5FF
2-2: Ball
3-2: Fly out, F6 (Popup, P, EV 75.0 MPH)
Batting: RHB Angel Contreras 0-0: Foul Ball, location: 5F
0-1: Swinging Strike
0-2: Ball
1-2: Foul Ball, location: 25FF
1-2: Strikes out looking
Bottom of the 2nd over - 0 runs, 0 hits, 0 errors, 0 left on base; Great Lakes 1 - Lansing 0
TOP OF THE 3RD
Great Lakes Loons batting - Pitching for Lansing Lugnuts : RHP Chris Stumpf
Batting: RHB Karl Gorgone 0-0: Called Strike
0-1: Ball
1-1: Ball
2-1: Foul Ball, location: 3FF
2-2: Foul Ball, location: 2F
2-2: Foul Ball, location: 23F
2-2: Strikes out swinging
Batting: RHB Cory Walton 0-0: Called Strike
0-1: Swinging Strike
0-2: Ground out 5-3 (Groundball, 56, EV 79.4 MPH)
Batting: RHB Jeff Epperly 0-0: Called Strike
0-1: Ball
1-1: Foul Ball, location: 5SF
1-2: Foul Ball, location: 2RF
1-2: Strikes out swinging
Top of the 3rd over - 0 runs, 0 hits, 0 errors, 0 left on base; Great Lakes 1 - Lansing 0
BOTTOM OF THE 3RD
Lansing Lugnuts batting - Pitching for Great Lakes Loons : RHP Federico Pietramellana
Batting: LHB Will Houle 0-0: Foul Ball, location: 3SF
0-1: Foul Ball, location: 5F
0-2: Strikes out swinging
Batting: RHB Dave Bautista 0-0: Ground out 5-3 (Groundball, 56S, EV 89.4 MPH)
Batting: LHB Hugh McPhearson 0-0: Called Strike
0-1: Foul Ball, location: 3F
0-2: Strikes out swinging
Bottom of the 3rd over - 0 runs, 0 hits, 0 errors, 0 left on base; Great Lakes 1 - Lansing 0
TOP OF THE 4TH
Great Lakes Loons batting - Pitching for Lansing Lugnuts : RHP Chris Stumpf
Batting: RHB Roy Fontaine 0-0: Called Strike
0-1: Called Strike
0-2: Strikes out looking
Batting: SHB Alex Quiroga 0-0: Ground out 4-3 (Groundball, 4M, EV 100.0 MPH)
Batting: SHB Jason Phillips 0-0: Ball
1-0: Ball
2-0: Foul Ball, location: 5SF
2-1: Ball
3-1: Foul Ball, location: 2F
3-2: Base on Balls
Batting: RHB Trent Shere 0-0: Ball
1-0: Foul Ball, location: 3FF
1-1: Ball
Jason Phillips is caught stealing 2nd base 2-4
Top of the 4th over - 0 runs, 0 hits, 0 errors, 0 left on base; Great Lakes 1 - Lansing 0
BOTTOM OF THE 4TH
Lansing Lugnuts batting - Pitching for Great Lakes Loons : RHP Federico Pietramellana
Batting: SHB Miguel Dominguez 0-0: Foul Ball, location: 23F
0-1: Fly out, F3 (Popup, 3, EV 61.9 MPH)
Batting: RHB Devon Phillips 0-0: Ball
1-0: Ball
2-0: Ball
3-0: Called Strike
3-1: Base on Balls
Batting: RHB Jesse Silbert 0-0: Ball
1-0: Foul Ball, location: 3F
1-1: Foul Ball, location: 2F
1-2: Ball
2-2: Foul Ball, location: 2F
2-2: Strikes out swinging
Batting: LHB Danny Crane 0-0: Called Strike
0-1: Swinging Strike
0-2: Ball
1-2: Strikes out swinging
Bottom of the 4th over - 0 runs, 0 hits, 0 errors, 1 left on base; Great Lakes 1 - Lansing 0
TOP OF THE 5TH
Great Lakes Loons batting - Pitching for Lansing Lugnuts : RHP Chris Stumpf
Batting: RHB Trent Shere 0-0: Ball
1-0: Ball
2-0: Fly out, F8 (Flyball, 89D, EV 93.1 MPH)
Batting: LHB Russ Hailer 0-0: Foul Ball, location: 23F
0-1: Ball
1-1: Swinging Strike
1-2: Ground out U3 (Groundball, 34S, EV 73.8 MPH)
Batting: RHB Adam Averett 0-0: Called Strike
0-1: SINGLE (Line Drive, 8RS, EV 95.6 MPH)
Batting: RHB Karl Gorgone 0-0: Called Strike
0-1: Ball
1-1: Foul Ball, location: 3F
1-2: Ball
Wild Pitch!
Adam Averett to second
2-2: Foul Ball, location: 2F
2-2: Ball
3-2: Strikes out swinging
Top of the 5th over - 0 runs, 1 hit, 0 errors, 1 left on base; Great Lakes 1 - Lansing 0
BOTTOM OF THE 5TH
Lansing Lugnuts batting - Pitching for Great Lakes Loons : RHP Federico Pietramellana
Batting: RHB Travis St. Pierre 0-0: Ball
1-0: DOUBLE (Line Drive, 9LS, EV 110.0 MPH)
Batting: RHB Angel Contreras 0-0: Foul Ball, location: 5FF
0-1: Foul Ball, location: 23FF
0-2: Foul Ball, location: 2F
0-2: Fly out, F7 (Line Drive, 7, EV 94.4 MPH)
Batting: LHB Will Houle 0-0: Ball
1-0: DOUBLE (Flyball, 89D, EV 95.0 MPH)
Travis St. Pierre scores
Batting: RHB Dave Bautista 0-0: Ball
1-0: Called Strike
1-1: Ball
2-1: Ground out 5-3 (Groundball, 56, EV 104.4 MPH)
Batting: LHB Hugh McPhearson 0-0: Foul Ball, location: 2F
0-1: Called Strike
0-2: SINGLE (Groundball, 4MD, EV 104.4 MPH)
Will Houle to third
Runner from 3rd tries for Home, SAFE, throw by CF to home
Batting: SHB Miguel Dominguez 0-0: Ball
1-0: Foul Ball, location: 2F
1-1: Ball
2-1: Ball
3-1: Ground out 4-3 (Groundball, 4, EV 83.1 MPH)
Bottom of the 5th over - 2 runs, 3 hits, 0 errors, 1 left on base; Great Lakes 1 - Lansing 2
TOP OF THE 6TH
Great Lakes Loons batting - Pitching for Lansing Lugnuts : RHP Chris Stumpf
Pitching: RHP Heriberto Mireles
Batting: RHB Cory Walton 0-0: Swinging Strike
0-1: Swinging Strike
0-2: Ball
1-2: Strikes out looking
Batting: RHB Jeff Epperly 0-0: Called Strike
0-1: Fly out, F8 (Flyball, 8LM, EV 86.3 MPH)
Batting: RHB Roy Fontaine 0-0: Ball
1-0: Fly out, F9 (Line Drive, 9LS, EV 100.0 MPH)
Top of the 6th over - 0 runs, 0 hits, 0 errors, 0 left on base; Great Lakes 1 - Lansing 2
BOTTOM OF THE 6TH
Lansing Lugnuts batting - Pitching for Great Lakes Loons : RHP Federico Pietramellana
Batting: RHB Devon Phillips 0-0: Ball
1-0: Ball
2-0: Swinging Strike
2-1: Fly out, F3 (Popup, 3S, EV 83.8 MPH)
Batting: RHB Jesse Silbert 0-0: Ground out 5-3 (Groundball, 56S, EV 88.1 MPH)
Batting: LHB Danny Crane 0-0: Called Strike
0-1: Fly out, F6 (Line Drive, 6M, EV 89.4 MPH)
Bottom of the 6th over - 0 runs, 0 hits, 0 errors, 0 left on base; Great Lakes 1 - Lansing 2
TOP OF THE 7TH
Great Lakes Loons batting - Pitching for Lansing Lugnuts : RHP Heriberto Mireles
Batting: SHB Alex Quiroga 0-0: Ball
1-0: Ball
2-0: Foul Ball, location: 2F
2-1: Fly out, F9 (Line Drive, 9S, EV 103.8 MPH)
Batting: SHB Jason Phillips 0-0: Ball
1-0: Called Strike
1-1: Ball
2-1: Fly out, F7 (Line Drive, 7, EV 97.5 MPH)
Pinch Hitting: SHB Dan Cutright 0-0: Ball
1-0: Foul Ball, location: 23FF
1-1: Foul Ball, location: 7LMF
1-2: Foul Ball, location: 7LMF
1-2: Ball
2-2: Strikes out swinging
Top of the 7th over - 0 runs, 0 hits, 0 errors, 0 left on base; Great Lakes 1 - Lansing 2
BOTTOM OF THE 7TH
Lansing Lugnuts batting - Pitching for Great Lakes Loons : RHP Federico Pietramellana
Now in CF: Dong-chan Kym
Batting: RHB Travis St. Pierre 0-0: Ball
1-0: Called Strike
1-1: Ball
2-1: Called Strike
2-2: Ball
3-2: Foul Ball, location: 9LSF
3-2: DOUBLE (Flyball, 8LXD, EV 100.0 MPH)
Batting: RHB Angel Contreras 0-0: Ball
1-0: Foul Ball, location: 2F
1-1: Fly out, F3 (Popup, 3F, EV 81.9 MPH)
Batting: LHB Will Houle 0-0: Ball
1-0: Swinging Strike
1-1: Fly out, F7 (Flyball, 78D, EV 81.9 MPH)
Pitching: RHP Brian Williams
Batting: RHB Dave Bautista 0-0: Ball
1-0: Called Strike
1-1: Ball
2-1: Foul Ball, location: 2F
2-2: Ball
3-2: Fly out, F3 (Popup, 34, EV 56.9 MPH)
Bottom of the 7th over - 0 runs, 1 hit, 0 errors, 1 left on base; Great Lakes 1 - Lansing 2
TOP OF THE 8TH
Great Lakes Loons batting - Pitching for Lansing Lugnuts : RHP Heriberto Mireles
Pinch Hitting: SHB Mark Henning 0-0: Ball
1-0: Foul Ball, location: 2F
1-1: Swinging Strike
1-2: Strikes out swinging
Batting: RHB Austin Vargas 0-0: Ball
1-0: Swinging Strike
1-1: Foul Ball, location: 3SF
1-2: Ball
2-2: Strikes out swinging
Batting: RHB Karl Gorgone 0-0: Called Strike
0-1: Foul Ball, location: 9LDF
0-2: Strikes out looking
Top of the 8th over - 0 runs, 0 hits, 0 errors, 0 left on base; Great Lakes 1 - Lansing 2
BOTTOM OF THE 8TH
Lansing Lugnuts batting - Pitching for Great Lakes Loons : RHP Brian Williams
Now at 2B: Mark Henning
Now at SS: Jason Phillips
Batting: LHB Hugh McPhearson 0-0: SOLO HOME RUN (Flyball, 9D, EV 95.6 MPH), Distance : 362 ft
Batting: SHB Miguel Dominguez 0-0: Ball
1-0: Ball
2-0: Called Strike
2-1: DOUBLE (Flyball, 8RD, EV 106.9 MPH)
Batting: RHB Devon Phillips 0-0: Intentional Walk
Batting: RHB Jesse Silbert 0-0: Ball
1-0: Called Strike
1-1: Swinging Strike
1-2: Fly out, F7 (Line Drive, 78M, EV 103.1 MPH)
Batting: LHB Danny Crane 0-0: Ball
1-0: Grounds into double play, 4-6-3 (Groundball, 4, EV 110.6 MPH)
Bottom of the 8th over - 1 run, 2 hits, 0 errors, 1 left on base; Great Lakes 1 - Lansing 3
TOP OF THE 9TH
Great Lakes Loons batting - Pitching for Lansing Lugnuts : RHP Heriberto Mireles
Batting: RHB Cory Walton 0-0: Called Strike
0-1: Foul Ball, location: 2F
0-2: Foul Ball, location: 9LSF
0-2: Ball
1-2: Ball
2-2: Ball
3-2: Strikes out swinging
Batting: RHB Jeff Epperly 0-0: Called Strike
0-1: Ground out 6-3 (Groundball, 6, EV 89.4 MPH)
Batting: RHB Roy Fontaine 0-0: Swinging Strike
0-1: Ground out 4-3 (Groundball, 4, EV 86.9 MPH)
Top of the 9th over - 0 runs, 0 hits, 0 errors, 0 left on base; Great Lakes 1 - Lansing 3
Wednesday, May 8th , 2024 - OOTP Baseball 24.11 Build 85